2945 views
Uploaded 2020-03-01 01:08:49
Game version 1.32.2
22:45 long 1on1 ladder game on (2)EchoIsles
Saved by Grim
2945 views
Uploaded 2020-03-01 01:08:49
Game version 1.32.2
22:45 long 1on1 ladder game on (2)EchoIsles

47 units @ 5.8k
/ 1.3k
19 buildings @ 3.4k
/ 1.5k


| Orb of Venom | 1 | 325 |
| Scroll of Healing | 1 | 250 |
| Potion of Lesser Invulnerability | 1 | 150 |
| total: | 3 | 725g |
| Wisp | 24 | 1440 | / | 0 |
| Archer | 6 | 780 | / | 60 |
| Mountain Giant | 5 | 1750 | / | 500 |
| Dryad | 11 | 1595 | / | 660 |
| Druid of the Claw | 1 | 255 | / | 80 |
| total: | 47 | 5820g | / | 1300w |
| Ancient Protector | 3 | 405 | / | 240 |
| Altar of Elders | 1 | 180 | / | 50 |
| Moon Well | 7 | 1260 | / | 280 |
| Ancient of War | 2 | 300 | / | 120 |
| Ancient of Wonders | 1 | 90 | / | 30 |
| Hunter's Hall | 1 | 210 | / | 100 |
| Tree of Life | 2 | 680 | / | 370 |
| Ancient of Lore | 2 | 310 | / | 290 |
| Tree of Ages | 2 | 640 | / | 360 |
| Tree of Eternity | 1 | 330 | / | 200 |
| total: | 19 | 3435g | / | 1480w |
| 0:01 | Wisp |
| 0:08 | Altar of Elders |
| 0:09 | Moon Well |
| 0:10 | Wisp |
| 0:14 | Wisp |
| 0:22 | Ancient of War |
| 0:24 | Ancient of War |
| 0:29 | Wisp |
| 0:29 | Wisp |
| 0:46 | Wisp |
| 0:55 | Wisp |
| 1:03 | Wisp |
| 1:25 | Archer |
| 1:32 | Moon Well |
| 1:33 | Moon Well |
| 1:36 | Wisp |
| 1:36 | Wisp |
| 1:46 | Archer |
| 2:07 | Evasion |
| 2:24 | Ancient of Wonders |
| 2:27 | Moon Well |
| 2:28 | Wisp |
| 2:30 | Wisp |
| 2:31 | Archer |
| 3:06 | Archer |
| 3:15 | Tree of Ages |
| 3:35 | Archer |
| 3:46 | Hunter's Hall |
| 3:55 | Mana Burn |
| 4:19 | Archer |
| 4:38 | Moon Well |
| 5:43 | Ancient of Lore |
| 5:46 | Wisp |
| 5:46 | Wisp |
| 5:47 | Wisp |
| 5:47 | Wisp |
| 6:15 | Ancient of Lore |
| 6:20 | Mana Burn |
| 6:47 | Strength of the Wild |
| 6:49 | Entangling Roots |
| 7:15 | Abolish Magic |
| 7:17 | Wisp |
| 7:17 | Wisp |
| 7:26 | Scroll of Healing |
| 7:26 | Potion of Lesser Invulnerability |
| 7:34 | Tree of Eternity |
| 7:38 | Reinforced Hides |
| 8:00 | Mountain Giant |
| 8:35 | Mountain Giant |
| 9:11 | Dryad |
| 9:18 | Force of Nature |
| 9:29 | Moon Well |
| 9:35 | Dryad |
| 10:04 | Well Spring |
| 10:28 | Resistant Skin |
| 10:29 | Hardened Skin |
| 10:38 | Wisp |
| 10:53 | Evasion |
| 10:59 | Mountain Giant |
| 11:12 | Entangling Roots |
| 11:18 | Tree of Life |
| 11:29 | Dryad |
| 11:38 | Wisp |
| 11:38 | Wisp |
| 11:50 | Moon Well |
| 12:34 | Improved Reinforced Hides |
| 12:39 | Ancient Protector |
| 13:14 | Ancient Protector |
| 13:16 | Ancient Protector |
| 14:39 | Mountain Giant |
| 15:10 | Dryad |
| 15:36 | Dryad |
| 15:58 | Druid of the Claw |
| 17:10 | Mountain Giant |
| 17:33 | Druid of the Claw Adept Training |
| 17:55 | Dryad |
| 18:29 | Orb of Venom |
| 18:41 | Dryad |
| 19:05 | Dryad |
| 19:07 | Dryad |
| 19:26 | Dryad |
| 19:54 | Tree of Life |
| 20:07 | Wisp |
| 20:07 | Wisp |
| 20:28 | Dryad |
| 20:36 | Wisp |
| Right click | 693 |
| Select group | 621 |
| Select | 335 |
| Misc. action | 308 |
| Build/train/purchase | 103 |
| Use ability | 38 |
| Assign group | 31 |
| Esc | 9 |
| Chat | 4 |
| Item give/drop | 1 |
37 units @ 5.8k
/ 0.9k
17 buildings @ 2.6k
/ 1.1k



| Rod of Necromancy | 3 | 450 |
| Potion of Mana | 2 | 400 |
| Orb of Corruption | 1 | 375 |
| Scroll of Healing | 2 | 500 |
| Scroll of Town Portal | 1 | 350 |
| Potion of Lesser Invulnerability | 3 | 450 |
| total: | 12 | 2525g |
| Acolyte | 10 | 750 | / | 0 |
| Ghoul | 11 | 1320 | / | 0 |
| Obsidian Statue | 4 | 800 | / | 140 |
| Crypt Fiend | 5 | 1075 | / | 200 |
| Abomination | 6 | 1440 | / | 420 |
| Frost Wyrm | 1 | 385 | / | 120 |
| total: | 37 | 5770g | / | 880w |
| Nerubian Tower | 2 | 200 | / | 40 |
| Altar of Darkness | 1 | 180 | / | 50 |
| Crypt | 1 | 200 | / | 50 |
| Ziggurat | 10 | 1500 | / | 500 |
| Tomb of Relics | 1 | 130 | / | 30 |
| Graveyard | 1 | 215 | / | 0 |
| Slaughterhouse | 1 | 140 | / | 135 |
| Sacrificial Pit | 1 | 75 | / | 150 |
| Boneyard | 1 | 175 | / | 200 |
| Halls of the Dead | 1 | 320 | / | 210 |
| Black Citadel | 1 | 325 | / | 230 |
| total: | 17 | 2615g | / | 1115w |
| 0:04 | Acolyte |
| 0:08 | Altar of Darkness |
| 0:11 | Crypt |
| 0:17 | Acolyte |
| 0:32 | Ziggurat |
| 0:34 | Ziggurat |
| 0:52 | Tomb of Relics |
| 1:15 | Ghoul |
| 1:16 | Ghoul |
| 1:30 | Ziggurat |
| 1:40 | Ghoul |
| 1:40 | Ghoul |
| 1:52 | Ghoul |
| 1:53 | Ghoul |
| 2:06 | Ghoul |
| 2:23 | Rod of Necromancy |
| 2:24 | Death Coil |
| 2:53 | Halls of the Dead |
| 3:15 | Nerubian Tower |
| 3:23 | Graveyard |
| 3:33 | Ghoul |
| 3:33 | Ghoul |
| 3:41 | Unholy Aura |
| 3:56 | Ghoul |
| 4:00 | Ziggurat |
| 4:33 | Ghoul |
| 5:23 | Death Coil |
| 5:26 | Slaughterhouse |
| 6:13 | Frost Nova |
| 6:14 | Rod of Necromancy |
| 6:41 | Black Citadel |
| 6:42 | Obsidian Statue |
| 6:58 | Ziggurat |
| 7:28 | Frost Armor |
| 7:33 | Crypt Fiend |
| 7:34 | Obsidian Statue |
| 7:59 | Rod of Necromancy |
| 8:07 | Crypt Fiend |
| 8:08 | Burrow |
| 8:39 | Potion of Mana |
| 8:41 | Crypt Fiend |
| 9:28 | Sacrificial Pit |
| 9:34 | Ghoul Frenzy |
| 9:47 | Frost Arrows |
| 10:03 | Ziggurat |
| 10:44 | Death Pact |
| 10:46 | Frost Nova |
| 10:53 | Acolyte |
| 10:56 | Boneyard |
| 11:19 | Potion of Lesser Invulnerability |
| 11:31 | Ziggurat |
| 11:38 | Crypt Fiend |
| 11:40 | Abomination |
| 12:17 | Orb of Corruption |
| 12:23 | Disease Cloud |
| 12:24 | Frost Wyrm |
| 12:56 | Ziggurat |
| 12:57 | Ziggurat |
| 13:19 | Scroll of Healing |
| 13:29 | Potion of Lesser Invulnerability |
| 13:36 | Acolyte |
| 14:29 | Abomination |
| 15:05 | Obsidian Statue |
| 15:29 | Forked Lightning |
| 15:43 | Unholy Strength |
| 16:02 | Obsidian Statue |
| 16:42 | Abomination |
| 16:53 | Dark Ritual |
| 17:22 | Forked Lightning |
| 17:28 | Acolyte |
| 17:28 | Acolyte |
| 17:28 | Acolyte |
| 17:29 | Acolyte |
| 17:52 | Acolyte |
| 17:52 | Acolyte |
| 17:55 | Death Coil |
| 17:59 | Improved Unholy Strength |
| 18:22 | Scroll of Town Portal |
| 18:35 | Unholy Armor |
| 18:52 | Ziggurat |
| 19:08 | Potion of Lesser Invulnerability |
| 19:28 | Advanced Unholy Strength |
| 19:43 | Abomination |
| 19:53 | Potion of Mana |
| 19:57 | Nerubian Tower |
| 20:37 | Abomination |
| 20:44 | Scroll of Healing |
| 21:39 | Improved Unholy Armor |
| 21:48 | Abomination |
| 21:48 | Crypt Fiend |
| Right click | 1763 |
| Select group | 1074 |
| Assign group | 446 |
| Select | 435 |
| Build/train/purchase | 132 |
| Use ability | 55 |
| Misc. action | 15 |
| Item give/drop | 5 |
| Remove unit | 5 |
| Chat | 4 |